 Dungeon Crawl Stone Soup version 0.28-a0-1524-ge72afd5fc6 (webtiles) character file.

Game seed: 15043586574443589059

746 sbbq2022 the Sneak (level 7, 0/45 HPs)
             Began as an Octopode Enchanter on Jan 17, 2022.
             Slain by a bullfrog zombie (3 damage)
             ... on level 5 of the Dungeon.
             The game lasted 00:04:34 (4395 turns).

sbbq2022 the Sneak (Octopode Enchanter)             Turns: 4395, Time: 00:04:34

Health: 0/45       AC:  1    Str: 13    XL:     7   Next: 77%
Magic:  11/11      EV: 14    Int: 20    God:
Gold:   187        SH:  0    Dex: 12    Spells: 12/12 levels left

rFire   . . .      SeeInvis .   a - +2 dagger (vamp)
rCold   . . .      Faith    .   (no shield)
rNeg    . . .      Spirit   .   (helmet restricted)
rPois   .          Reflect  .   (no amulet)
rElec   .          Harm     .   k - +6 ring of strength
rCorr   .          Rampage  .   (no ring)
Will    .....                   (no ring)
Stlth   ++++......              (no ring)
HPRegen 0.15/turn               (no ring)
MPRegen 0.12/turn               (no ring)
                                (no ring)
                                (no ring)

@: no status effects
A: almost no armour, amphibious, 8 rings, camouflage 1, gelatinous body 1,
(nimble swimmer 1), tentacles
a: no special abilities


You were on level 5 of the Dungeon.
You visited 1 branch of the dungeon, and saw 5 of its levels.

You collected 187 gold pieces.

Inventory:

Hand Weapons
 a - a +2 vampiric dagger (weapon)
Magical Staves
 q - a staff of cold
Jewellery
 k - a +6 ring of strength (left tentacle)
Wands
 b - a wand of paralysis (10)
 o - a wand of iceblast (9)
Scrolls
 c - a scroll of amnesia {unknown}
 d - 2 scrolls of identify {unknown}
 f - a scroll of brand weapon {unknown}
 g - a scroll of fear {unknown}
 h - a scroll of immolation {unknown}
 j - a scroll of fog {unknown}
 l - a scroll of enchant weapon {unknown}
 p - a scroll of magic mapping {unknown}
Potions
 e - a potion of cancellation {unknown}
 i - a potion of brilliance {unknown}
 m - 3 potions of lignification {unknown}
 n - a potion of haste {unknown}


   Skills:
 + Level 2.5 Fighting
 * Level 4.1 Short Blades
 + Level 3.4 Dodging
 + Level 5.8 Stealth
 + Level 3.2 Spellcasting
 * Level 5.1 Hexes


You had 12 spell levels left.
You didn't know any spells.
Your spell library contained the following spells:

 Spells                   Type           Power      Damage    Failure   Level
 Confusing Touch          Hex            23%        N/A       4%          3
 Tukima's Dance           Hex            23%        N/A       4%          3
 Ensorcelled Hibernation  Hex/Ice        26%        N/A       8%          2
 Dazzling Flash           Conj/Hex       26%        N/A       14%         3
 Corpse Rot               Necr/Air       6%         N/A       22%         2
 Passwall                 Tmut/Erth      2%         N/A       22%         2
 Ozocubu's Armour         Ice            3%         N/A       38%         3
 Swiftness                Air            3%         N/A       38%         3
 Dispel Undead            Necr           3%         3d7       80%         4
 Death Channel            Necr           1%         N/A       100%        6
 Ozocubu's Refrigeration  Ice            1%         4d5       100%        7


Dungeon Overview and Level Annotations

Branches:
Dungeon (5/15)
 Temple: D:4-7

Altars:
Elyvilon
Fedhas
Okawaru
Ru
Yredelemnul


Innate Abilities, Weirdness & Mutations

You cannot wear most types of armour.
You are amphibious.
You can wear up to eight rings at the same time.
Your skin changes colour to match your surroundings (Stealth+).
Your rubbery body absorbs attacks. (AC +1, EV +1)
((You are camouflaged when in or above water. (Stealth+)))
You have tentacles for arms and can constrict up to eight enemies at once.


Message History

The bullfrog zombie hits you but does no damage.
The ufetubus misses you. The ufetubus hits you.
The ufetubus closely misses you. The ufetubus misses you.
The bullfrog zombie hits you. The ufetubus hits you. x2
* * * LOW HITPOINT WARNING * * *
You completely miss the ufetubus. Your grab misses the ufetubus.
Your squeeze misses the ufetubus.
The ufetubus hits you but does no damage.
The ufetubus hits you.
* * * LOW HITPOINT WARNING * * *
Unknown command.
Okay, then.
The ufetubus hits you.
* * * LOW HITPOINT WARNING * * *
The ufetubus closely misses you.
Unknown command.
Aiming: Iceblast
Press: ? - help, Shift-Dir - straight line The mass of ice explodes!
The iceblast engulfs the ufetubus!
The ufetubus partially resists.
You kill the ufetubus!
The iceblast engulfs the orc!
You kill the orc!
The iceblast engulfs the bullfrog zombie!
The bullfrog zombie partially resists.
The bullfrog zombie is moderately damaged.
You hear an angry hiss. x2
Unknown command.
Unknown command.
A water moccasin skeleton comes into view.
The bullfrog zombie completely misses you.
An adder comes into view.
The adder hisses angrily.
The adder barely misses you.
There is a stone staircase leading up here.
The bullfrog zombie hits you.
* * * LOW HITPOINT WARNING * * *
The adder closely misses you. The bullfrog zombie hits you.
You die...

######. #.#...
..... ###..#
##....###..#
###...@......l
#....ZS.......
##.##.##.......
#..#...#.......
##.......Z.>....
#....._........#
#.............##
#...#)..#......
#.(.##.##.....


You could see an iguana (wandering), an adder, a bullfrog zombie and a water
moccasin skeleton.

Vanquished Creatures
  A water moccasin (D:3)
  A bullfrog (D:4)
  A scorpion (D:4)
  A water moccasin skeleton (D:4)
  2 hounds (D:4)
  3 bullfrog skeletons (D:4)
  2 orc priests
  An iguana (D:3)
  A scorpion zombie (D:3)
  2 orc wizards
  A hound zombie (D:3)
  2 adders
  A white imp (D:4)
  2 ufetubi
  An adder zombie (D:3)
  5 worms
  2 dart slugs (D:1)
  9 orcs
  5 ball pythons
  5 bats
  3 endoplasms
  6 giant cockroaches
  9 goblins
  12 hobgoblins
  5 jackals
  4 quokkas
  3 frilled lizards
  5 kobolds
  A quokka zombie (D:3)
  4 rats
100 creatures vanquished.

Vanquished Creatures (others)
  3 plants (D:4)
3 creatures vanquished.

Grand Total: 103 creatures vanquished

Notes
Turn   | Place    | Note
-------+----------+-------------------------------------------
     0 | D:1      | sbbq2022 the Octopode Enchanter began the quest for the
                  | Orb.
     0 | D:1      | Reached XP level 1. HP: 11/11 MP: 3/3
   310 | D:1      | Reached XP level 2. HP: 15/17 MP: 5/5
  1187 | D:2      | Reached XP level 3. HP: 22/22 MP: 6/6
  1243 | D:2      | Found a faded altar of an unknown god.
  1736 | D:3      | Noticed a water moccasin
  1741 | D:3      | Killed a water moccasin
  1742 | D:3      | Reached skill level 1 in Fighting
  1742 | D:3      | Reached XP level 4. HP: 28/28 MP: 7/7
  1742 | D:3      | Reached XP level 5. HP: 33/33 MP: 8/8
  1875 | D:3      | Found a white marble altar of Elyvilon.
  2082 | D:3      | Found a basalt altar of Yredelemnul.
  2161 | D:3      | Found a blossoming altar of Fedhas.
  2166 | D:3      | Reached XP level 6. HP: 38/38 MP: 10/10
  2271 | D:4      | Reached skill level 5 in Stealth
  2834 | D:4      | Found a sacrificial altar of Ru.
  3642 | D:4      | Reached XP level 7. HP: 32/45 MP: 11/11
  4304 | D:4      | Reached skill level 5 in Hexes
  4348 | D:5      | Entered Level 5 of the Dungeon
  4349 | D:5      | Found an iron altar of Okawaru.
  4395 | D:5      | Slain by a bullfrog zombie

Illustrated notes

Levels and vault maps discovered:
D:1:      dpeg_arrival_round_a, layout_basic
D:2:      cheibrodos_greedy_goblins, layout_loops_ring,
          chequers_ecumenical_altar_island
D:3:      layout_rooms, nicolae_yredelemnul_corpse_copse, elyvilon_altar_3,
          lemuel_round_altar
D:4:      minmay_clustersquares, layout_basic, mainiacjoe_overflow_boulevard,
          interstate_on_off, nrook_mini_vaults, grunt_ministairs_11
D:5:      layout_cave_pools, old_standard_altar, okawaru_gym_becter,
          hangedman_decor_slide_cut

Skill      XL: |  1  2  3  4  5  6  7 |
---------------+----------------------+-----
Fighting       | 1 2 |  2.5
Short Blades   | 2 3 4 |  4.1
Hexes          | 4 5 |  5.1
Stealth        | 5 |  5.8
Dodging        | 3 |  3.4
Spellcasting   | 3 |  3.2

Action                   |  1- 3 |  4- 6 |  7- 9 || total
-------------------------+-------+-------+-------++-------
Melee: Dagger            |    76 |   108 |    49 ||   233
       Constrict         |    17 |    29 |    11 ||    57
       Tentacles         |    15 |    32 |    15 ||    62
       Punch             |     1 |     3 |     1 ||     5
Evoke: Wand              |       |       |     1 ||     1
  Use: Potion            |     1 |       |       ||     1
 Stab: Sleeping          |    11 |     9 |     4 ||    24
       Invisible         |     2 |       |       ||     2
Armor: Skin              |     7 |    13 |     5 ||    25
Dodge: Dodged            |    30 |    60 |    31 ||   121

Table legend: (Time is in decaauts)
 A = Elapsed time spent in this place.
 B = Non-inter-level travel time spent in this place.
 C = Inter-level travel time spent in this place.
 D = Time resting spent in this place.
 E = Time spent auto-exploring this place.
 F = Levels seen in this place.
 G = Mean time per level.
                   A        B        C        D        E       F      G
               +--------+--------+--------+--------+--------+-----+--------+
         Total |   4369 |   4181 |    188 |    770 |   2639 |   5 |  873.8 |
       Dungeon |   4369 |   4181 |    188 |    770 |   2639 |   5 |  873.8 |
               +--------+--------+--------+--------+--------+-----+--------+

Top non-repeatable levels by time:
     D:3: 1381 daAuts
     D:4: 1097 daAuts
     D:1: 1002 daAuts
     D:2: 842 daAuts
     D:5: 45 daAuts
